 Dungeon Crawl Stone Soup version 0.31-a0-986-g5e6e4ef867 (webtiles) character file.

Game seed: 7127990541386243128

6813 porpoise the Skirmisher (level 11, -17/67 HPs)
             Began as a Kobold Hunter on Nov 13, 2023.
             Was a Priest of Fedhas.
             Demolished by an orc warlord
             ... wielding a +2 executioner's axe
              (39 damage)
             ... in a bailey.
             The game lasted 00:37:42 (9538 turns).

porpoise the Skirmisher (Kobold Hunter)             Turns: 9538, Time: 00:37:46

Health: -17/67     AC:  8    Str:  9    XL:     11   Next: 25%
Magic:  16/16      EV: 19    Int: 10    God:    Fedhas [***...]
Gold:   446        SH:  0    Dex: 23    Spells: 7/10 levels left

rFire   + . .        b - +1 dagger (venom)
rCold   . . .        (no shield)
rNeg    . . .        D - +0 leather armour {rF+}
rPois   .            t - +1 helmet
rElec   .            i - +1 cloak
rCorr   .            (no gloves)
SInv    .            N - +0 pair of boots
Will    .....        v - amulet of the acrobat
Stlth   +++          (no ring)
HPRegen 0.31/turn    (no ring)
MPRegen 0.15/turn

%: acrobat
@: invisible
A: small, no large weapons, nightstalker 3
a: Renounce Religion, Wall of Briars, Grow Ballistomycete


You were in a bailey.
You worshipped Fedhas.
Fedhas was most pleased with you.
You visited 2 branches of the dungeon, and saw 10 of its levels.
You also visited: Bailey.

You collected 474 gold pieces.
You spent 28 gold pieces at shops.

Inventory:

Hand Weapons
 a - a +0 sling of electrocution
 b - a +1 dagger of venom (weapon)
 w - the +10 long sword "Acarinebane" {heavy, rPois}
   (You took it off a wight on level 7 of the Dungeon)

   rPois:     It protects you from poison
 z - a +3 shortbow
 E - a +7 dagger
 I - the +4 mace "Jaqurim" {freeze, rF+ rC++ Dex+2 Stlth+}
   (You found it on level 4 of the Dungeon)

   Dex+2:     It affects your dexterity (+2).
   rF+:       It protects you from fire.
   rC++:      It greatly protects you from cold.
   Stlth+:    It makes you more stealthy.
 K - a +0 orcbow
Missiles
 l - 21 boomerangs
 m - 5 atropa-tipped darts
 G - 3 curare-tipped darts
 H - 29 poisoned darts
Armour
 i - a +1 cloak (worn)
 t - a +1 helmet (worn)
 D - a +0 leather armour of fire resistance (worn)
 N - a +0 pair of boots (worn)
Jewellery
 v - an amulet of the acrobat (around neck)
 C - a +6 ring of strength
 L - a +6 ring of strength
 Q - a ring of ice
Wands
 u - a wand of flame (29)
 y - a wand of charming (14)
 B - a wand of quicksilver (5)
 P - a wand of iceblast (12)
Scrolls
 e - a scroll of poison
 g - 4 scrolls of teleportation
 j - a scroll of enchant armour
 k - 2 scrolls of fog
 n - 4 scrolls of vulnerability
 o - 3 scrolls of amnesia
 q - a scroll of butterflies
Potions
 c - a potion of magic
 d - 2 potions of heal wounds
 f - a potion of curing
 p - 2 potions of mutation
 r - a potion of cancellation {unknown}
 s - a potion of invisibility
 x - 2 potions of lignification
 F - a potion of brilliance {unknown}
 J - 2 potions of haste


   Skills:
 - Level 7.0 Fighting
 + Level 9.1 Short Blades
 - Level 14.0 Ranged Weapons
 + Level 2.9 Armour
 - Level 7.0 Dodging
 - Level 1.3 Stealth
 - Level 7.0 Invocations


You had 7 spell levels left.
You knew the following spells:

 Your Spells              Type           Power      Damage    Failure   Level
c - Call Canine Familiar  Summ           0%         N/A       83%         3

Your spell library contained the following spells:

 Spells                   Type           Power      Damage    Failure   Level
 Kiss of Death            Conj/Necr      0%         2d5       45%         1
 Sandblast                Erth           0%         2d4       45%         1
 Summon Small Mammal      Summ           0%         N/A       45%         1
 Cigotuvi's Dreadful Rot  Necr/Pois/Air  0%         N/A       61%         2
 Ensorcelled Hibernation  Hex/Ice        0%         N/A       61%         2
 Jinxbite                 Hex            0%         N/A       61%         2
 Passwall                 Tmut/Erth      0%         N/A       61%         2
 Confusing Touch          Hex            0%         N/A       83%         3
 Dazzling Flash           Conj/Hex       0%         N/A       83%         3
 Hailstorm                Conj/Ice       0%         3d3       83%         3
 Ignite Poison            Fire/Tmut/Pois 0%         N/A       83%         3
 Stone Arrow              Conj/Erth      0%         3d7       83%         3
 Summon Guardian Golem    Hex/Summ       0%         N/A       83%         3
 Volatile Blastmotes      Fire/Tloc      0%         2d10      83%         3
 Anguish                  Hex/Necr       0%         N/A       99%         4
 Brom's Barrelling Bould  Conj/Erth      0%         2d3       99%         4
 Dispel Undead            Necr           0%         3d6       99%         4
 Summon Ice Beast         Ice/Summ       0%         N/A       99%         4
 Freezing Cloud           Conj/Ice/Air   0%         6-21      100%        5
 Simulacrum               Ice/Necr       0%         N/A       100%        6
 Starburst                Conj/Fire      0%         6d3       100%        6
 Maxwell's Capacitive Co  Air            0%         ∞         100%        8


Dungeon Overview and Level Annotations

Branches:
Dungeon (9/15)             Temple (1/1) D:7          Bailey (1/1)
   Lair: D:8-11         Orc: D:9-12

Altars:
Ashenzari
Cheibriados
Dithmenos
Elyvilon
Fedhas
Hepliaklqana
Kikubaaqudgha
Makhleb
Nemelex Xobeh
Qazlal
Ru
Sif Muna
Trog
Uskayaw
Xom
Yredelemnul
Zin
The Shining One

Shops:
D:3 *   D:8 =

Annotations:
D:4 dig


Innate Abilities, Weirdness & Mutations

You are small and have problems with some larger weapons.
You are completely attuned to the shadows.


Message History

No target in view!
An orc warlord comes into view. It is wielding a +2 executioner's axe.
There is an open door, spattered with blood here.
Items here: $ )))))) [[[[[[ ††††.
You shoot a sling bullet. The orc warlord shouts!
The sling bullet hits the orc warlord.
The orc warlord is lightly wounded.
You shoot a sling bullet.
The sling bullet hits the orc warlord but does no damage.
The orc warlord is lightly wounded.
You shoot a sling bullet.
The sling bullet barely misses the orc warlord.
The orc warlord roars a battlecry!
Okay, then.
Unknown command.
Okay, then.
It was a potion of invisibility.
You fade into invisibility!
Your +0 sling of electrocution stops crackling.
Your +1 dagger of venom begins to drip with poison!
b - a +1 dagger of venom (weapon)
You hit the orc warlord but do no damage.
You hit the orc warlord but do no damage.
The orc warlord hits you with a +2 executioner's axe!
You hit the orc warlord but do no damage.
You hit the orc warlord but do no damage.
The orc warlord completely misses you.
The orc warlord hits you with a +2 executioner's axe!!
You catch the helpless orc warlord completely off-guard!
You impale the orc warlord!!
The orc warlord is poisoned.
The orc warlord is lightly wounded.
You catch the helpless orc warlord completely off-guard!
You impale the orc warlord!!
The orc warlord looks as sick as possible!
The orc warlord is moderately wounded.
The orc warlord hits you with a +2 executioner's axe!!!
Ouch! That really hurt!
You die...
Fedhas appreciates your contribution to the ecosystem.

### ### #.###
###.### ....###
###.....###
......###.........##
......)#)..........#
.......'[..........#
))....)#[....⌠.....#
.......#...........#
.......#........@..#
......###.......)o##
....### ##.....#)#
#.### #.###))... ###
## )).... .# .).)...
.# 8....... .# .#


You could see an orc warlord (unable to see you, extremely poisoned).

Vanquished Creatures
  2 two-headed ogres
  Psyche (D:8)
  Grinder (D:4)
  A hornet (D:8)
  Eustachio (D:4)
  2 steam dragons
  2 water moccasins
  Duvessa (D:7)
  A sky beast (D:7)
  11 orc warriors
  4 centaurs
  An ogre (D:5)
  An ice beast (D:6)
  A phantom (D:7)
  5 kobold brigands
  4 bullfrogs
  Blork the orc (D:4)
  2 scorpions
  A necrophage (D:6)
  A water moccasin zombie (D:6)
  11 wights
  Dowan (D:7)
  4 howler monkeys
  A bullfrog zombie (D:6)
  2 jellies (D:6)
  A gnoll bouda (D:5)
  A human zombie (D:6)
  2 orc priests
  Crazy Yiuf (D:2)
  2 hounds
  2 iguanas
  A sleepcap (D:5)
  Ijyb (D:5)
  6 orc wizards
  A killer bee zombie (D:6)
  2 mummies (D:6)
  A howler monkey zombie (D:6)
  7 gnolls
  10 adders
  3 white imps
  4 ufetubi
  2 worms
  2 dart slugs
  29 orcs
  12 endoplasms
  6 giant cockroaches
  19 goblins
  4 hobgoblins
  11 jackals
  3 quokkas
  7 ball pythons
  3 bats
  5 frilled lizards
  30 kobolds
  3 rats
  A spectral kobold (D:6)
245 creatures vanquished.

Vanquished Creatures (others)
  2 orcs (D:6)
2 creatures vanquished.

Grand Total: 247 creatures vanquished

Notes
Turn   | Place    | Note
-------+----------+-------------------------------------------
     0 | D:1      | porpoise the Kobold Hunter began the quest for the Orb.
     0 | D:1      | Reached XP level 1. HP: 12/12 MP: 1/1
   198 | D:1      | Reached XP level 2. HP: 18/18 MP: 2/2
   346 | D:1      | Reached skill level 6 in Ranged Weapons
   372 | D:1      | Reached XP level 3. HP: 22/22 MP: 3/3
  1164 | D:2      | Reached XP level 4. HP: 28/28 MP: 4/4
  1640 | D:2      | Reached skill level 7 in Ranged Weapons
  2043 | D:2      | Found a runed translucent door.
  2046 | D:2      | Noticed Crazy Yiuf
  2051 | D:2      | Killed Crazy Yiuf
  2052 | D:2      | Reached XP level 5. HP: 21/32 MP: 5/5
  2417 | D:3      | Found a shimmering altar of Xom.
  2827 | D:3      | Found Geqad's Assorted Antiques.
  2833 | D:3      | Bought a scroll labelled YMIXET RIAKLO for 28 gold pieces
  2942 | D:4      | Noticed Grinder
  2953 | D:4      | Killed Grinder
  2954 | D:4      | Reached skill level 8 in Ranged Weapons
  2954 | D:4      | Reached XP level 6. HP: 21/39 MP: 6/6
  3109 | D:4      | Noticed Eustachio
  3114 | D:4      | Killed Eustachio
  3115 | D:4      | Reached skill level 5 in Fighting
  3115 | D:4      | Reached skill level 9 in Ranged Weapons
  3115 | D:4      | Reached XP level 7. HP: 44/44 MP: 7/7
  3159 | D:4      | Identified the +4 mace "Jaqurim" {freeze, rF+ rC++ Dex+2
                  | Stlth+}
  3199 | D:4      | Noticed Blork the orc
  3209 | D:4      | Killed Blork the orc
  3570 | D:5      | Entered Level 5 of the Dungeon
  3589 | D:5      | Reached skill level 10 in Ranged Weapons
  3971 | D:5      | Noticed Ijyb
  3976 | D:5      | Killed Ijyb
  4016 | D:5      | Reached XP level 8. HP: 44/51 MP: 8/8
  4232 | D:5      | Reached skill level 11 in Ranged Weapons
  4391 | D:5      | Found a shadowy altar of Dithmenos.
  4653 | D:5      | Found a basalt altar of Yredelemnul.
  5016 | D:6      | Reached skill level 12 in Ranged Weapons
  5020 | D:6      | Reached XP level 9. HP: 24/56 MP: 9/9
  5341 | D:6      | Reached skill level 13 in Ranged Weapons
  5635 | D:6      | Found an ancient bone altar of Kikubaaqudgha.
  5892 | D:6      | Reached skill level 14 in Ranged Weapons
  5983 | D:6      | Found a hazy altar of Hepliaklqana.
  6071 | D:6      | Reached skill level 5 in Dodging
  6243 | D:7      | Found a staircase to the Ecumenical Temple.
  6249 | Temple   | Entered the Ecumenical Temple
  6276 | Temple   | Became a worshipper of Fedhas Madash
  6336 | D:7      | Reached skill level 1 in Short Blades
  6366 | D:7      | Reached skill level 1 in Invocations
  6464 | D:7      | Reached XP level 10. HP: 63/63 MP: 11/11
  6860 | D:7      | Reached * piety under Fedhas
  6888 | D:7      | Noticed Dowan
  6890 | D:7      | Killed Dowan
  6890 | D:7      | Noticed Duvessa
  6890 | D:7      | Identified the +10 long sword "Acarinebane" {heavy, rPois}
  6892 | D:7      | Killed Duvessa
  7084 | D:7      | Learned a level 3 spell: Call Canine Familiar
  7222 | D:7      | Found a glowing golden altar of the Shining One.
  7436 | D:7      | Reached skill level 5 in Short Blades
  7860 | D:8      | Noticed a two-headed ogre
  7867 | D:8      | Killed a two-headed ogre
  7868 | D:8      | Reached skill level 5 in Invocations
  8064 | D:8      | Found Ysiucw's Jewellery Shoppe.
  8128 | D:8      | Reached ** piety under Fedhas
  8238 | D:8      | Found a burning altar of Makhleb.
  8416 | D:8      | Noticed Psyche
  8421 | D:8      | Killed Psyche
  8468 | D:8      | Found a hide-covered altar of Uskayaw.
  8578 | D:8      | Found a broken altar of Ashenzari.
  8737 | D:9      | Noticed a two-headed ogre
  8744 | D:9      | Noticed a kobold demonologist
  8748 | D:9      | Killed a two-headed ogre
  8749 | D:9      | Reached skill level 1 in Armour
  8749 | D:9      | Reached XP level 11. HP: 39/67 MP: 14/16
  9016 | D:9      | Found a flagged portal.
  9023 | Bailey   | Entered a bailey
  9429 | Bailey   | Reached *** piety under Fedhas
  9524 | Bailey   | Noticed an orc warlord
  9538 | Bailey   | Demolished by an orc warlord

Illustrated notes

Levels and vault maps discovered:
D:1:      amcnicky_arrival_feature_with_door, layout_basic, minmay_pentomino_p4
D:2:      minmay_inner_zag, layout_basic, uniq_crazy_yiuf_cottage
D:3:      layout_rooms, nicolae_overflow_crystal_walls, serial_shops,
          nicolae_lakefront_shop, serial_bayou_lagoon_b
D:4:      layout_layer_cave, serial_glass, glass_columns_b, glass_columns_b,
          item_on_display_a, item_on_display_a, uniq_eustachio, uniq_grinder,
          uniq_blork_the_orc
D:5:      layout_loops_ring, kennysheep_mini_moat,
          nicolae_dithmenos_shadow_blocks, uniq_ijyb
D:6:      layout_cave_pools, lemuel_mausoleum_altar_kikubaaqudgha,
          nicolae_hepliaklqana_monster_ancestors, serial_bayou_pond_d,
          minivault_10
D:7:      layout_basic, mainiacjoe_overflow_brackets, temple_fountains,
          hangedman_minor_gate_pass, uniq_duvessa
D:8:      layout_basic, mainiacjoe_overflow_large_starburst,
          lemuel_coloured_pillars_altar, serial_shops, shop,
          nrook_mini_backslash, uniq_psyche
D:9:      layout_gridville, vehumet_crystals, marbit_many_paths, enter_bailey_3
Temple:   jpeg_temple_island
Bailey:   bailey_axe_minmay_hex_keep, bailey

Skill      XL: |  1  2  3  4  5  6  7  8  9 10 11 |
---------------+----------------------------------+-----
Ranged Weapons | 6 7 8 9 10 12 14 | 14.0
Fighting       | 3 4 5 6 7 |  7.0
Dodging        | 6 7 |  7.0
Short Blades   | 2 8 9 |  9.1
Invocations    | 1 6 7 |  7.0
Armour         | 1 2 |  2.9
Stealth        | |  1.3

Action                     |  1- 3 |  4- 6 |  7- 9 | 10-12 || total
---------------------------+-------+-------+-------+-------++-------
  Melee: Mace              |       |       |     7 |       ||     7
         Long sword        |       |       |       |     3 ||     3
         Dagger            |       |       |       |     6 ||     6
   Fire: Shortbow          |    65 |    67 |       |       ||   132
         Sling             |       |    39 |   325 |   334 ||   698
    Use: Scroll            |     1 |     6 |     1 |    10 ||    18
         Potion            |       |     2 |       |     2 ||     4
   Stab: Invisible         |       |       |       |     2 ||     2
 Armour: Leather armour    |    26 |    20 |    87 |    48 ||   181
  Dodge: Dodged            |    25 |    25 |   139 |   107 ||   296

Table legend: (Time is in decaauts)
 A = Elapsed time spent in this place.
 B = Non-inter-level travel time spent in this place.
 C = Inter-level travel time spent in this place.
 D = Time resting spent in this place.
 E = Time spent auto-exploring this place.
 F = Levels seen in this place.
 G = Mean time per level.
                   A        B        C        D        E       F      G
               +--------+--------+--------+--------+--------+-----+--------+
         Total |   9439 |   9043 |    396 |   2114 |   5270 |  11 |  858.1 |
       Dungeon |   8906 |   8536 |    370 |   1857 |   5258 |   9 |  989.6 |
        Temple |     53 |     27 |     26 |      0 |      0 |   1 |   53.0 |
        Bailey |    479 |    479 |      0 |    256 |     12 |   1 |  479.0 |
               +--------+--------+--------+--------+--------+-----+--------+

Top non-repeatable levels by time:
     D:7: 1498 daAuts
     D:5: 1296 daAuts
     D:2: 1231 daAuts
     D:8: 1117 daAuts
     D:6: 1106 daAuts
     D:1: 1015 daAuts
     D:4: 820 daAuts
     D:3: 772 daAuts
  Bailey: 479 daAuts
  Temple: 53 daAuts
     D:9: 48 daAuts
